Semilg, neutral male human Priest ---- |..| --- ---..| |. |....| |. | -------------------I--.| |. |..................%I)||.---|.- - ------------..-----...||.| |... ..--.--.| -.. .... |....| ..- -... --.%.--- --- ..- |... |.....| |. .. |.. --.--.--- |.- ... --- ---|...| |.| ... ---.---|.| ... |...||.| .... ---.--.| .... |....-- .... ---.<.-- .... |....| ----- --..-- ---- Semilg the Acolyte Experience level: 4 Strength: 12 Dexterity: 15 Constitution: 11 Intelligence: 19 Wisdom: 10 Charisma: 10 Health: 0(29) Energy: 36(36) Def: 8 Gold: 604 Moves: 1794 Dungeon seed: R6K2SBrqgiCQA0FN Game ID: Semilg_1552746365 Your Inventory: Coins $ - 604 gold pieces Weapons a - a blessed +1 mace (weapon in hand) Armor e - an uncursed +0 robe n - an uncursed +0 small shield (being worn) q - an uncursed +0 orcish helm (being worn) y - an uncursed +0 elven mithril-coat (being worn) z - an uncursed +1 dwarvish cloak (being worn) Comestibles s - 3 uncursed food rations Scrolls j - an uncursed scroll of charging l - an uncursed scroll of scare monster m - a blessed scroll of identify p - an uncursed scroll of enchant weapon t - a blessed scroll of remove curse Spellbooks g - an uncursed spellbook of cure blindness h - an uncursed spellbook of detect unseen i - an uncursed spellbook of light k - an uncursed spellbook of slow monster Potions b - 4 potions of holy water u - an uncursed potion of monster detection w - an uncursed potion of gain energy Wands f - an uncursed wand of cancellation (0:1) Tools r - an uncursed lock pick v - a blessed partly used tallow candle (lit) (0:146) Spells and supernatural/magical abilities: Name Level Category Fail Memory l - light 1 divination 100% 92% B - cure blindness 2 healing 100% 92% U - detect unseen 3 divination 100% 96% W - pray for help -- divine ? -- X - turn undead -- divine ? -- Your skills at the end: Miscellaneous Skills shield [Basic] wands [Basic] Weapon Skills mace [Basic] Spellcasting Skills clerical spells [Basic] Final Attributes: You were devoutly aligned. You are dead. Vanquished creatures: a puppy a coyote a hobbit a large kobold a gecko 3 giant rats 4 gnomes a manes 3 jackals a fox a kobold 2 newts 2 goblins 2 sewer rats 3 grid bugs 2 bats 5 lichens 34 creatures vanquished. Voluntary challenges: You followed a strict vegan diet. You did not adorn yourself with jewelry or accessories. You did not cause conflict. You were not invisible. You did not have reflection. You were not displaced. You used a wielded weapon 33 times, starting on turn 326. You did not apply a unicorn horn. You did not use plumbed fixtures. You did not drink any magical draughts. You read items or engraved 8 times, starting on turn 837. You never genocided any monsters. You never polymorphed an object. You never changed form. You used no wishes. You never split a pudding. You never wrote Elbereth's name. You never violated your personal moral code. Dungeon overview: The Dungeons of Doom: levels 1 to 4 Level 1 some fountains a long staircase Level 2 Level 3 stairs to The Gnomish Mines Level 4 The Gnomish Mines: Level 4 <- You were here stairs to The Dungeons of Doom History has recorded: On T:1 you entered the Dungeons of Doom to retrieve the Amulet of Yendor! On T:174 you reached level 2 of The Dungeons of Doom. On T:558 you advanced to experience level 2. On T:903 you prayed to Venus. On T:1106 you reached level 3 of The Dungeons of Doom. On T:1107 you advanced to experience level 3. On T:1158 you reached level 1 of The Gnomish Mines. On T:1223 you reached level 4 of The Dungeons of Doom. On T:1750 you advanced to experience level 4. Score breakdown: Gold: 604 ( 60 points) Experience: 4 levels ( 300 points) Exploration: 4 levels ( 90 points) Discoveries: 12 items ( 600 points) Variety of kills: 17 monsters ( 850 points) Major goal: (nothing yet) ( 0 points) Survival: died (score multiplied by 3) Total score: 5700 Latest messages: The fox misses. You kill the fox! You kill the gnome! You see here an uncursed fox corpse. The gnome lord shoots an arrow! You are hit by an arrow. You have a little trouble lifting w - an uncursed ruby potion. There are a few more objects here. You faint from lack of food. Something punches you! You come to. You kill the gnome! (2x) The gnome lord drinks a cyan potion! Suddenly you cannot see the gnome lord. You faint from lack of food. Something punches you! It is missed. You are hit! Something is hit! Something punches you! (2x) Something stabs you! You die... Final status: Goodbye Semilg the Priest, killed by a gnome, while fainted from lack of food... You died in The Gnomish Mines on dungeon level 4 with 5700 points, and 604 pieces of gold, after 1794 moves. You were level 4 with a maximum of 29 hit points when you died.